cohdb
Replays
Latest Replays
All Replays
Popular Replays
Top Player Replays
Match Explorer
How It Works
Community
CoH3 Stats
Reddit
Sign in to upload your games and track your stats! →
Sign in with Steam
Match 45711790
Unlisted
Match 45711790
Overview
Messages
Build Orders
End
Construct Weapon Support Center
Selects Heavy Weapons
M1919 Machine Gun Team
Scout Squad
Engineer Squad
M1919 Machine Gun Team
Infantry Support Center
Engineer Squad
Construct Medical Station
M3 Armored Personnel Carrier
M3 Armored Personnel Carrier
Bazooka Squad
Selects M2HB .50cal Heavy Machine Gun
Selects Assault Carriers
Selects Exchangeable Parts
M1919 Machine Gun Team
Bazooka Squad
Improved M9 Bazooka Rockets
Engineer Squad
Survival Training
Sniper
M3 Assault Carrier
Engineer Squad
Engineer Squad
Bazooka Squad
Max1boy
BT-7274
0
0
Comments
sign in to comment!
No comments posted yet!